 Dungeon Crawl Stone Soup version 0.28.0-43-g3370ac3207 (webtiles) character file.

Game seed: 446854589985766810

21060 smarlow the Unseen (level 12, -10/61 HPs)
             Began as a Spriggan Enchanter on Mar 2, 2022.
             Was an Elder of Dithmenos.
             Constricted to death by Jorgrun (13 damage)
             ... on level 13 of the Dungeon.
             The game lasted 00:42:21 (18599 turns).

smarlow the Unseen (Spriggan Enchanter)            Turns: 18599, Time: 00:42:21

Health: -10/61     AC:  2    Str:  4    XL:     12   Next: 50%
Magic:  23/26      EV: 28    Int: 18    God:    Dithmenos [****..]
Gold:   913        SH:  0    Dex: 24    Spells: 18/30 levels left

rFire   . . .      SeeInvis +   (weapon currently unavailable)
rCold   + . .      Faith    .   (shield currently unavailable)
rNeg    . . .      Spirit   .   (armour currently unavailable)
rPois   x          Reflect  .   (helmet currently unavailable)
rElec   .          Harm     .   (cloak currently unavailable)
rCorr   .          Rampage  .   (gloves unavailable)
Will    ++...                   (boots unavailable)
Stlth   ++++++++++              (no amulet)
HPRegen 0.20/turn               i - ring of wizardry
MPRegen 0.20/turn               p - ring of protection from cold

@: spider-form, grasped by roots, hasted, wreathed by umbra, constricted, very
quick
A: venomous fangs, tiny, no large weapons, unfitting armour, see invisible,
(speed 3)
a: End Transformation, Renounce Religion, Shadow Step


You were on level 13 of the Dungeon.
You worshipped Dithmenos.
Dithmenos was greatly pleased with you.
You were a venomous arachnid creature.
You visited 2 branches of the dungeon, and saw 14 of its levels.

You collected 913 gold pieces.

Inventory:

Hand Weapons
 l - the +6 dagger of Sout (melded) {flame, Will+ Int+2 SInv}
   (You found it on level 3 of the Dungeon)

   It burns those it strikes, dealing additional fire damage.
   Int:       It affects your intelligence (+2).
   SInv:      It lets you see invisible.
   Will:      It increases your willpower.
Missiles
 r - a throwing net
 z - 6 curare-tipped darts
Armour
 m - a +0 robe of cold resistance (melded)
Jewellery
 i - a ring of wizardry (left front leg)
 p - a ring of protection from cold (right front leg)
 t - a ring of positive energy
Wands
 b - a wand of polymorph (2)
 j - a wand of acid (6)
 q - a wand of iceblast (7)
 w - a wand of paralysis (3)
 y - a wand of charming (9)
Scrolls
 g - 5 scrolls of magic mapping
 h - a scroll of holy word
 k - 2 scrolls of vulnerability
 o - a scroll of fog
 s - a scroll of fear
 A - a scroll of amnesia
 B - a scroll of enchant armour {unknown}
 C - 2 scrolls of enchant weapon
Potions
 a - a potion of lignification
 c - a potion of invisibility
 d - a potion of attraction
 e - a potion of brilliance
 f - a potion of flight
 n - a potion of might
 u - a potion of heal wounds
 x - 2 potions of berserk rage


   Skills:
 + Level 6.1 Fighting
 + Level 8.2 Short Blades
 + Level 4.1 Throwing
 + Level 10.0 Dodging
 * Level 16.3 Stealth
 * Level 9.9 Spellcasting
 + Level 9.7 Hexes
 + Level 3.2 Transmutations
 + Level 2.2 Poison Magic
 + Level 4.7 Invocations


You had 18 spell levels left.
You knew the following spells:

 Your Spells              Type           Power      Damage    Failure   Level
a - Ensorcelled Hibernat  Hex/Ice        52%        N/A       2%          2
b - Confusing Touch       Hex            43%        N/A       1%          3
c - Tukima's Dance        Hex            43%        N/A       1%          3
d - Spider Form           Tmut/Pois      18%        N/A       9%          3
e - Sting                 Tmut/Pois      72%        1d6       4%          1

Your spell library contained the following spells:

 Spells                   Type           Power      Damage    Failure   Level
 Beastly Appendage        Tmut           40%        N/A       3%          1
 Wereblood                Tmut           20%        N/A       4%          2
 Dazzling Flash           Conj/Hex       52%        N/A       4%          3
 Animate Skeleton         Necr           16%        N/A       9%          1
 Apportation              Tloc           16%        N/A       9%          1
 Summon Small Mammal      Summ           32%        N/A       9%          1
 Poisonous Vapours        Pois/Air       24%        N/A       9%          2
 Leda's Liquefaction      Hex/Erth       13%        N/A       11%         4
 Sublimation of Blood     Necr           8%         N/A       12%         2
 Olgreb's Toxic Radiance  Pois           16%        N/A       26%         4
 Airstrike                Air            4%         N/A       47%         4
 Summon Lightning Spire   Summ/Air       8%         N/A       47%         4
 Lee's Rapid Deconstruct  Erth           4%         3d6*      77%         5
 Lightning Bolt           Conj/Air       4%         1d15      77%         5
 Statue Form              Tmut/Erth      9%         N/A       96%         6
 Summon Hydra             Summ           4%         N/A       100%        7


Dungeon Overview and Level Annotations

Branches:
Dungeon (13/15)            Temple (1/1) D:5            Lair (0/6) D:9
    Orc (0/2) D:10
 Vaults: D:13-14

Altars:
Ashenzari
Cheibriados
Dithmenos
Elyvilon
Fedhas
Gozag
Hepliaklqana
Kikubaaqudgha
Makhleb
Nemelex Xobeh
Okawaru
Qazlal
Ru
Sif Muna
Trog
Uskayaw
Vehumet
Wu Jian
Xom
Yredelemnul
Zin
The Shining One

Shops:
D:1 (   D:3 [   D:7 :

Annotations:
D:13 Jorgrun


Innate Abilities, Weirdness & Mutations

You are a venomous arachnid creature.
You have poisonous fangs.
You are tiny and dextrous.
Your spellcasting is less reliable in this form.
Your armour is entirely melded.
You are incapable of wielding weapons or throwing items.
You are very small and have problems with some larger weapons.
You are too small for most types of armour.
You have supernaturally acute eyesight. (SInv)
((You cover ground extremely quickly. (Speed+++)))


Message History

The +6 dagger of Sout {flame, Will+ Int+2 SInv} stops flaming.
You feel less resistant to cold.
You hear a grinding noise.
You feel yourself speed up.
Jorgrun points next to you and mumbles some strange words.
The wall shatters!
The blast of rock fragments hits you!!
Jorgrun points at you and mumbles some strange words.
Roots burst forth from the earth!
The grasping roots grab you! The grasping roots constrict you!
The roots' grasp on you weakens, but your attempt to escape fails.
You escape the roots' grasp.
Jorgrun gestures at you while chanting.
You easily resist.
Jorgrun gestures at you while chanting.
Roots burst forth from the earth!
The grasping roots grab you! The grasping roots constrict you!
You escape the roots' grasp.
You hit Jorgrun.
Jorgrun is poisoned.
Jorgrun is lightly wounded.
Jorgrun hits you with a +0 vorpal quarterstaff!!
* * * LOW HITPOINT WARNING * * *
x2 You hit Jorgrun.
Jorgrun looks as sick as possible!
Jorgrun is lightly wounded.
Jorgrun barely misses you.
You hit Jorgrun but do no damage.
Jorgrun looks as sick as possible!
Jorgrun is lightly wounded.
You hit Jorgrun.
Jorgrun looks as sick as possible!
Jorgrun is lightly wounded.
Jorgrun casts a spell at you.
You easily resist.
Okay, then.
Some rock shatters into small pieces.
Some rock shatters into small pieces.
Jorgrun points at you and mumbles some strange words.
Roots burst forth from the earth!
The grasping roots grab you! The grasping roots constrict you!
You die...

...............# #.............
...............# #.)......#....
................####.............
#..........#.....##..####....#...
.)............#.....## ###..#...
#...#.......####.....# # #......
###.###....## ##..#..# .# ##.....
#.###....####...##.#.# #.....
##....g........s###..# #.....
##..#........##.......## #....#
...#.####..............#####..<.#
##..## ##.#................)##..
#†## #.....#......###...####.
#..# ##.....g.....# ##..# ##
#.)## #..........### #..# #...#
#...#.......# #..# ....#
.....###...#<#### #[.#


You could see Jorgrun (extremely poisoned).

Vanquished Creatures
  Erolcha (D:13)
  A hydra (D:11)
  2 two-headed ogres
  2 centaur warriors (D:13)
  Erica (D:11)
  A tengu warrior (D:12)
  Sonja (D:10)
  A deep elf pyromancer (D:12)
  Pikel (D:6)
  4 ugly things
  2 cyclopes
  2 manticores (D:12)
  2 gargoyles
  An unseen horror (D:11)
  A komodo dragon (D:12)
  7 trolls
  A hornet (D:9)
  3 meliai (D:13)
  Prince Ribbit (D:6)
  3 slime creatures (D:13)
  A wind drake (shapeshifter) (D:13)
  A shadow (D:12)
  A wraith (D:13)
  A wyvern (D:8)
  3 vampires
  5 yaks (D:9)
  Eustachio (D:6)
  6 vampire mosquitoes
  2 steam dragons
  A water moccasin (D:9)
  3 orc warriors
  An ice beast (D:7)
  2 ogres
  2 necrophages
  2 wolves (D:9)
  A sky beast (D:6)
  3 lemures
  3 centaurs
  6 kobold brigands
  2 bullfrogs
  5 gnoll sergeants
  3 water moccasin zombies
  2 scorpions
  A water moccasin skeleton (D:4)
  7 wights
  2 electric eels (D:11)
  2 bullfrog zombies (D:5)
  A lava snake (D:7)
  5 centaur zombies
  A centaur skeleton (D:5)
  2 jellies
  7 orc priests
  6 hounds
  4 iguanas
  8 orc wizards
  A killer bee zombie (D:7)
  A hound zombie (D:5)
  2 howler monkey zombies (D:9)
  5 adders
  15 gnolls
  2 worms
  13 dart slugs
  40 orcs
  5 ball pythons
  3 bats (D:1)
  3 endoplasms
  5 giant cockroaches
  8 hobgoblins
  2 jackals (D:1)
  10 kobolds
  A quokka (D:4)
  8 frilled lizards
  9 goblins
  7 rats
281 creatures vanquished.

Vanquished Creatures (others)
  2 dancing weapons (D:10)
  A hound (D:9)
  2 kobolds (D:11)
5 creatures vanquished.

Grand Total: 286 creatures vanquished

Notes
Turn   | Place    | Note
-------+----------+-------------------------------------------
     0 | D:1      | smarlow the Spriggan Enchanter began the quest for the Orb.
     0 | D:1      | Reached XP level 1. HP: 9/9 MP: 5/5
   360 | D:1      | Found Hupefous's Antique Weapon Emporium.
   432 | D:1      | Reached XP level 2. HP: 13/13 MP: 6/6
  1154 | D:1      | Reached skill level 5 in Stealth
  1323 | D:2      | Reached XP level 3. HP: 17/17 MP: 8/8
  1557 | D:1      | Learned a level 2 spell: Ensorcelled Hibernation
  2645 | D:2      | Noticed a great orb of eyes
  2647 | D:2      | Found a faded altar of an unknown god.
  2649 | D:2      | Noticed a floating eye
  2656 | D:2      | Noticed a great orb of eyes
  2656 | D:2      | Noticed an eye of devastation
  3077 | D:2      | Reached XP level 4. HP: 21/21 MP: 5/10
  3315 | D:3      | Found Xoshroas's Armour Shop.
  3482 | D:3      | Reached skill level 1 in Fighting
  3910 | D:3      | Identified the +6 dagger of Sout {flame, Will+ Int+2 SInv}
  4285 | D:4      | Reached XP level 5. HP: 18/25 MP: 4/11
  4386 | D:4      | Reached skill level 6 in Stealth
  4734 | D:4      | Reached XP level 6. HP: 30/30 MP: 9/12
  5328 | D:5      | Entered Level 5 of the Dungeon
  6102 | D:5      | Reached skill level 7 in Stealth
  6105 | D:5      | Found a staircase to the Ecumenical Temple.
  6139 | Temple   | Entered the Ecumenical Temple
  6209 | Temple   | Became a worshipper of Dithmenos the Shadowed
  6329 | D:5      | Reached XP level 7. HP: 24/35 MP: 6/14
  6435 | D:5      | Reached skill level 5 in Hexes
  6439 | D:5      | Learned a level 3 spell: Confusing Touch
  6443 | D:5      | Learned a level 3 spell: Tukima's Dance
  6970 | D:5      | Reached skill level 8 in Stealth
  7227 | D:5      | Reached skill level 5 in Dodging
  7371 | D:6      | Noticed Prince Ribbit
  7371 | D:6      | Noticed Pikel
  7408 | D:6      | Reached skill level 5 in Spellcasting
  7522 | D:6      | Reached XP level 8. HP: 39/39 MP: 7/16
  7669 | D:6      | Killed Prince Ribbit
  7670 | D:6      | Reached skill level 9 in Stealth
  8383 | D:6      | Noticed Eustachio
  8390 | D:6      | Killed Eustachio
  8538 | D:6      | Reached skill level 10 in Stealth
  8747 | D:6      | Killed Pikel
  8748 | D:6      | Reached XP level 9. HP: 44/44 MP: 13/19
  8873 | D:7      | Found Fain's Book Emporium.
  8908 | D:7      | Reached * piety under Dithmenos
  8956 | D:7      | Reached skill level 5 in Short Blades
  9086 | D:7      | Reached skill level 11 in Stealth
 10828 | D:9      | Noticed a troll
 10834 | D:9      | Noticed a troll
 10890 | D:8      | Killed a troll
 11004 | D:9      | Reached skill level 12 in Stealth
 11018 | D:9      | Killed a troll
 11271 | D:9      | Found a staircase to the Lair.
 11292 | D:9      | Found a glowing golden altar of the Shining One.
 11305 | D:9      | Reached XP level 10. HP: 51/51 MP: 21/21
 11878 | D:9      | Reached skill level 13 in Stealth
 11880 | D:9      | Reached ** piety under Dithmenos
 11884 | D:9      | Reached skill level 1 in Invocations
 12254 | D:10     | Entered Level 10 of the Dungeon
 12358 | D:10     | Noticed Sonja
 12393 | D:10     | Killed Sonja
 12443 | D:10     | Noticed a two-headed ogre
 12451 | D:10     | Killed a two-headed ogre
 12452 | D:10     | Reached skill level 5 in Fighting
 12452 | D:10     | Reached skill level 1 in Throwing
 12452 | D:10     | Reached skill level 14 in Stealth
 12455 | D:10     | Noticed a gargoyle
 12477 | D:10     | Killed a gargoyle
 12928 | D:10     | Found a staircase to the Orcish Mines.
 12931 | D:10     | Reached XP level 11. HP: 55/55 MP: 21/24
 13818 | D:11     | Noticed Erica
 13849 | D:11     | HP: 1/55 [orc warrior/+0 halberd (20)]
 14174 | D:11     | Noticed an eight-headed hydra
 14181 | D:11     | Killed an eight-headed hydra
 14186 | D:11     | Reached *** piety under Dithmenos
 15176 | D:11     | Killed Erica
 15705 | D:12     | Noticed a brown ugly thing
 15709 | D:12     | Killed a brown ugly thing
 15710 | D:12     | Reached skill level 15 in Stealth
 15719 | D:12     | Noticed a two-headed ogre
 15729 | D:12     | Killed a two-headed ogre
 15775 | D:12     | Noticed a tengu warrior
 15780 | D:12     | Killed a tengu warrior
 15821 | D:12     | Noticed a cyan ugly thing
 15973 | D:11     | Learned a level 3 spell: Spider Form
 16092 | D:12     | Noticed a deep elf pyromancer
 16101 | D:12     | Killed a deep elf pyromancer
 16258 | D:12     | Reached skill level 1 in Transmutations
 16594 | D:13     | Reached XP level 12. HP: 48/60 MP: 22/26
 16599 | D:13     | Reached skill level 1 in Poison Magic
 16613 | D:13     | HP: 1/60 [vampire mosquito (9)]
 17408 | D:13     | Noticed a centaur warrior
 17415 | D:13     | Killed a centaur warrior
 17415 | D:13     | Reached **** piety under Dithmenos
 17465 | D:13     | Learned a level 1 spell: Sting
 17494 | D:13     | Reached skill level 16 in Stealth
 17750 | D:13     | Noticed Erolcha
 17757 | D:13     | Killed Erolcha
 17838 | D:13     | Noticed Jorgrun
 18231 | D:13     | Noticed a centaur warrior
 18238 | D:13     | Killed a centaur warrior
 18412 | D:13     | Reached skill level 10 in Dodging
 18590 | D:13     | HP: 2/61 [Jorgrun/+0 vorpal quarterstaff (5)]
 18599 | D:13     | Constricted to death by Jorgrun

Illustrated notes

Levels and vault maps discovered:
D:1:      minmay_arrival_four_loops, layout_basic, serial_shops, shop,
          amcnicky_mini_rare_corridor_liquid
D:2:      layout_basic, hellmonk_ecumenical_altar_watching_god,
          guppyfry_early_orc_mine
D:3:      layout_basic, serial_shops, nicolae_shop_behind_doors
D:4:      kennysheep_slugbush, layout_loops_ring
D:5:      layout_cave_pools, minmay_temple_entry_wispy, serial_undead,
          serial_undead_c, serial_undead_f, serial_undead_c, serial_undead_b,
          nrook_mini_backslash, nicolae_zen_rock_garden
D:6:      layout_basic, uniq_prince_ribbit1, uniq_pikel, uniq_eustachio
D:7:      layout_loops_ring, serial_shops, shop, minmay_statues_item,
          nicolae_lava_and_water, st_stairs_9, minmay_misc_feat_square
D:8:      layout_cave_pools, lemuel_flame_loot_1
D:9:      layout_roguey, mainiacjoe_overflow_boulevard, erik_lair_island
D:10:     layout_loops_ring, kennysheep_orc_monster_closet_entryway, uniq_sonja
D:11:     layout_basic, uniq_erica
D:12:     layout_loops_cross, grunt_ministairs_9
D:13:     layout_layer_cave, uniq_jorgrun, uniq_erolcha
Temple:   mainiacjoe_temple_starburst

Skill      XL: |  1  2  3  4  5  6  7  8  9 10 11 12 |
---------------+-------------------------------------+-----
Dodging        | 3 4 5 6 7 8 9 10 | 10.0
Spellcasting   | 3 4 5 6 7 8 9 |  9.9
Stealth        | 5 6 7 8 10 12 14 15 16 | 16.3
Hexes          | 4 5 6 7 8 9 |  9.7
Fighting       | 1 2 3 4 5 6 |  6.1
Short Blades   | 2 3 4 5 6 7 8 |  8.2
Invocations    | 2 4 |  4.7
Throwing       | 1 3 4 |  4.1
Transmutations | 1 3 |  3.2
Poison Magic   | 2 |  2.2

Action                   |  1- 3 |  4- 6 |  7- 9 | 10-12 || total
-------------------------+-------+-------+-------+-------++-------
Melee: Dagger            |   150 |   113 |   138 |   217 ||   618
       Punch             |     2 |     1 |       |     3 ||     6
       Unarmed           |       |       |       |     4 ||     4
 Cast: Ensorcelled Hiber |    23 |    41 |    79 |   144 ||   287
       Confusing Touch   |       |       |    12 |    16 ||    28
       Tukima's Dance    |       |       |       |     4 ||     4
       Spider Form       |       |       |       |     1 ||     1
Evoke: Wand              |       |       |       |     1 ||     1
  Use: Scroll            |       |       |    16 |     5 ||    21
       Potion            |       |       |     2 |     4 ||     6
 Stab: Sleeping          |    32 |    37 |    49 |    99 ||   217
       Confused          |       |       |     8 |    14 ||    22
       Distracted        |       |       |     1 |     1 ||     2
Armor: Robe              |     8 |     8 |     7 |     4 ||    27
Dodge: Dodged            |    92 |    86 |   131 |   176 ||   485
